 Dungeon Sprint DCSS version 0.30-a0-137-gd8773701ce (webtiles) character file.

Game seed: 8798783849540067127

60 Pilot the Shield-Bearer (level 3, -9/39 HPs)
             Began as a Troll Fighter on Sept 22, 2022.
             Mangled by a water elemental (20 damage)
             ... in the Dungeon (Sprint III: "The Ten Rune Challenge").
             The game lasted 00:02:14 (114 turns).

Pilot the Shield-Bearer (Troll Fighter)              Turns: 114, Time: 00:02:14

Health: -9/39      AC:  4    Str: 24    XL:     3   Next: 82%
Magic:  2/2        EV:  9    Int:  4    God:
Gold:   15         SH:  8    Dex: 11    Spells: 2/2 levels left

rFire   . . .      SeeInvis .      - Unarmed
rCold   . . .      Faith    .    b - +0 kite shield
rNeg    . . .      Spirit   .    a - +0 robe
rPois   .          Reflect  .    (helmet restricted)
rElec   .          Harm     .    (no cloak)
rCorr   .          Rampage  .    (gloves unavailable)
Will    .....      NoTele   +    (boots unavailable)
Stlth   +.........               (no amulet)
HPRegen 0.93/turn                (no ring)
MPRegen 0.08/turn                (no ring)

@: no status effects
A: large, unfitting armour, claws 3, regeneration 1, shaggy fur 1, tough skin 1
a: no special abilities


You were in the Dungeon.
You visited 1 branch You collected 15 gold pieces.

Inventory:

Armour
 a - a +0 robe (worn)
 b - a +0 kite shield (worn)
Scrolls
 i - a scroll of blinking
 k - 2 scrolls of immolation
 l - 3 scrolls of identify
Potions
 c - a potion of might
 d - 2 potions of curing
 e - a potion of heal wounds
 f - a potion of haste
 g - 2 potions of magic
 h - 2 potions of berserk rage
 j - 2 potions of mutation {unknown}
 m - a potion of brilliance {unknown}
 n - 3 potions of flight


   Skills:
 + Level 4.0 Fighting
 + Level 4.1 Dodging
 + Level 4.6 Shields
 + Level 3.3 Unarmed Combat


You had 2 spell levels left.
You didn't know any spells.
Your spell library was empty.

Dungeon Overview and Level Annotations

Branches:
Dungeon (1/1)

Altars:


Innate Abilities, Weirdness & Mutations

You are too large for most types of armour.
You have claws for hands.
Your natural rate of healing is unusually fast.
You are covered in fur. (AC +1)
You have tough skin. (AC +1)


Message History

There is an open door to the Ecumenical Temple here.
You closely miss the water elemental. The water elemental barely misses you.
You scratch the water elemental but do no damage.
The water elemental hits you!
You scratch the water elemental but do no damage.
You block the water elemental's attack. The water elemental hits you.
The water elemental engulfs you in water!
You barely miss the water elemental.
Your lungs strain for air!
The water elemental closely misses you.
You slip free of the water engulfing you.
You gasp with relief as air once again reaches your lungs.
You claw the water elemental!
The water elemental is moderately damaged.
The water elemental hits you.
The water elemental engulfs you in water!
The water elemental hits you.
You slip free of the water engulfing you.
Your lungs strain for air!
You block the water elemental's attack.
You slip free of the water engulfing you.
You gasp with relief as air once again reaches your lungs.
You claw the water elemental!
The water elemental is heavily damaged.
The water elemental hits you!
The water elemental engulfs you in water!
You slip free of the water engulfing you.
The water elemental attacks as you move away!
The water elemental closely misses you.
You gasp with relief as air once again reaches your lungs.
You closely miss the water elemental.
The water elemental is heavily damaged.
The water elemental hits you!
* * * LOW HITPOINT WARNING * * *
You barely miss the water elemental.
The water elemental is heavily damaged.
The water elemental hits you!!
Ouch! That really hurt!
You die...

▓▓▓ ▓▓▓ ..#### ##.#
.....#####..#
......#..#..#
.##...#..#..###+#+###+##
.###..##'#..#..........#
#.##..###...'.⌠E@......#
.##.)####...#...######+#
.##..###....#.⌠.#
##...##.....#...#
#....#†.....#+###
#..##.#.....#
#..#####....# ▓▓▓▓
▓▓▓▓▓▓


You could see a water elemental.

Vanquished Creatures
  Jessica (D)
  A human (D)
  A wolf (D)
  An endoplasm (D)
  2 rats (D)
6 creatures vanquished.

Notes
Turn   | Place    | Note
-------+----------+-------------------------------------------
     0 | D        | Pilot the Troll Fighter began the quest for the Orb.
     0 | D        | Reached XP level 1. HP: 22/22 MP: 0/0
    40 | D        | Noticed Jessica
    46 | D        | Killed Jessica
    47 | D        | Reached XP level 2. HP: 22/31 MP: 1/1
    47 | D        | Reached XP level 3. HP: 27/37 MP: 2/2
   100 | D        | Noticed a water elemental
   114 | D        | Mangled by a water elemental

Illustrated notes

Levels and vault maps discovered:
D:        dungeon_sprint_mu [sprint_mu_entry_cave, sprint_mu_temple_rooms,
          sprint_mu_d1_horrors, sprint_mu_d2_genie, sprint_mu_d3_branching,
          sprint_mu_orc_legion, sprint_mu_elf_gauntlet, sprint_mu_hive_nellie,
          sprint_mu_lair_fedhas, sprint_mu_vaults_butterflies,
          sprint_mu_slime_circle, sprint_mu_shoals_archi,
          sprint_mu_snake_twists, sprint_mu_blade_basic, sprint_mu_crypt_lich,
          sprint_mu_tomb_spiral, sprint_mu_vestibule_basic,
          sprint_mu_gehenna_hellfire, sprint_mu_dis_giant,
          sprint_mu_tartarus_statrot, sprint_mu_cocytus_islands, sprint_mu_zot1]

Skill      XL: |  1  2  3 |
---------------+----------+-----
Shields        | 4 |  4.6
Fighting       | 3 4 |  4.0
Dodging        | 3 4 |  4.1
Unarmed Combat | 3 |  3.3

Action                   || total
-------------------------++-------
Melee: Unarmed           ||    33
  Use: Scroll            ||     1
Armor: Robe              ||     4
Dodge: Dodged            ||     9
Block: Kite shield       ||     8

Table legend: (Time is in decaauts)
 A = Elapsed time spent in this place.
 B = Non-inter-level travel time spent in this place.
 C = Inter-level travel time spent in this place.
 D = Time resting spent in this place.
 E = Time spent auto-exploring this place.
 F = Levels seen in this place.
 G = Mean time per level.
                   A        B        C        D        E       F      G
               +--------+--------+--------+--------+--------+-----+--------+
         Total |    116 |     76 |     40 |      0 |      0 |   1 |  116.0 |
       Dungeon |    116 |     76 |     40 |      0 |      0 |   1 |  116.0 |
               +--------+--------+--------+--------+--------+-----+--------+

Top non-repeatable levels by time:
       D: 116 daAuts
